 Dungeon Crawl Stone Soup version 0.28-a0-1594-ga885d4b3d6 (webtiles) character file.

Game seed: 9998965353603716636

284 kae the Insei (level 6, -1/48 HPs)
             Began as a Draconian Transmuter on Jan 20, 2022.
             Succumbed to a scorpion's poison
             ... on level 4 of the Dungeon.
             The game lasted 00:02:32 (4579 turns).

kae the Insei (Draconian Transmuter)                Turns: 4579, Time: 00:02:33

Health: -1/48      AC:  2    Str: 12    XL:     6   Next: 7%
Magic:  5/10       EV: 20    Int: 15    God:
Gold:   119        SH:  0    Dex: 17    Spells: 2/10 levels left

rFire   . . .      SeeInvis +     - Unarmed
rCold   . . .      Faith    .   (shield currently unavailable)
rNeg    . . .      Spirit   .   (armour unavailable)
rPois   x          Reflect  .   (helmet currently unavailable)
rElec   .          Harm     .   (cloak currently unavailable)
rCorr   .          Rampage  .   (gloves currently unavailable)
Will    .....                   (boots currently unavailable)
Stlth   ++........              (no amulet)
HPRegen 0.16/turn               g - ring of see invisible
MPRegen 0.12/turn               (no ring)

@: lethally poisoned (-1 -> -19), spider-form
A: venomous fangs, AC +6, tiny, unfitting armour, (cold-blooded)
a: End Transformation


You were on level 4 of the Dungeon.
You were a venomous arachnid creature.
You visited 1 branch of the dungeon, and saw 4 of its levels.

You collected 119 gold pieces.

Inventory:

Jewellery
 d - a ring of fire
 g - a ring of see invisible (left front leg)
 l - a ring of wizardry
Wands
 f - a wand of paralysis (9)
Scrolls
 c - 2 scrolls of blinking
 e - 2 scrolls of amnesia
 j - a scroll of vulnerability {unknown}
 k - a scroll of identify
Potions
 a - 5 potions of curing
 b - 2 potions of might
 h - a potion of degeneration
 i - a potion of flight {unknown}


   Skills:
 + Level 2.2 Fighting
 + Level 2.6 Dodging
 * Level 4.2 Unarmed Combat
 + Level 2.7 Spellcasting
 * Level 3.4 Transmutations
 * Level 1.1 Ice Magic
 * Level 1.8 Poison Magic


You had 2 spell levels left.
You knew the following spells:

 Your Spells              Type           Power      Damage    Failure   Level
a - Beastly Appendage     Tmut           24%        N/A       14%         1
b - Spider Form           Tmut/Pois      9%         N/A       43%         3
c - Ice Form              Ice/Tmut       8%         N/A       82%         4

Your spell library contained the following spells:

 Spells                   Type           Power      Damage    Failure   Level
 Wereblood                Tmut           12%        N/A       21%         2
 Sublimation of Blood     Necr           2%         N/A       52%         2
 Portal Projectile        Hex/Tloc       4%         N/A       73%         3
 Blade Hands              Tmut           6%         N/A       92%         5
 Excruciating Wounds      Necr           1%         N/A       100%        5
 Summon Hydra             Summ           1%         N/A       100%        7


Dungeon Overview and Level Annotations

Branches:
Dungeon (4/15)
 Temple: D:4-7

Altars:

Shops:
D:2 [


Innate Abilities, Weirdness & Mutations

You are a venomous arachnid creature.
You have poisonous fangs.
You are tiny and dextrous.
Your spellcasting is less reliable in this form.
Your armour is entirely melded.
You are incapable of wielding weapons or throwing items.
((Your plain brown scales are hard. (AC +6)))
You cannot fit into any form of body armour.
((You are cold-blooded and may be slowed by cold attacks.))


Message History

You hit the orc priest.
The orc priest is poisoned.
The orc priest is lightly wounded.
The orc priest misses you. The scorpion completely misses you.
You hit the orc priest.
The orc priest looks as sick as possible!
The orc priest is heavily wounded.
Your transformation has ended.
The orc priest closely misses you.
The scorpion stings you but does no damage.
The orc priest casts a cantrip, but nothing happens.
Items here: )) [ †.
Casting: Spider Form (quite dangerous; 22% risk of failure)
Confirm with . or Enter, or press ? or * to list all spells.
The spell is quite dangerous to miscast (22% risk of failure)!
Continue anyway? [Y]es or [N]o only, please.
The spell is quite dangerous to miscast (22% risk of failure)!
Continue anyway?
You turn into a venomous arachnid creature.
You kill the orc priest!
The scorpion closely misses you.
You have reached level 6!
Your scales feel tougher.
You hit the scorpion.
The scorpion is poisoned.
The scorpion is moderately wounded.
The scorpion stings you!
* * * LOW HITPOINT WARNING * * *
You are lethally poisoned!
The scorpion poisons you!
You hit the scorpion but do no damage.
The scorpion is moderately wounded.
* * * LOW HITPOINT WARNING * * *
You feel very sick. The scorpion barely misses you.
You hit the scorpion.
The scorpion looks as sick as possible!
The scorpion is severely wounded.
* * * LOW HITPOINT WARNING * * *
You feel very sick. The scorpion closely misses you. x2
You hit the scorpion.
The scorpion looks as sick as possible!
The scorpion is severely wounded.
You die...

#...#...............##
#.#....##........##... #
##.............#####
###...>###..### # ###).#
#..# # #).# #..# #
#..###..#######
#$#.######..............
#.....ss.....>...#######
#....)##.#.#####........
....... #.#.# #########
######.
#.#.############# #.
#.#.............. #.
#.############### #. #.#
#. #.# #.#


You could see a scorpion (extremely poisoned).

Vanquished Creatures
  A water moccasin skeleton (D:4)
  An orc priest (D:4)
  An orc wizard (D:3)
  A mummy (D:4)
  Robin (D:2)
  A gnoll (D:1)
  4 adders
  3 worms (D:2)
  A dart slug (D:1)
  12 orcs
  6 ball pythons
  4 bats
  3 endoplasms
  4 giant cockroaches
  13 hobgoblins
  4 quokkas
  3 frilled lizards
  9 goblins
  A hobgoblin zombie (D:4)
  9 kobolds
  3 orc zombies (D:4)
  3 rats
88 creatures vanquished.

Notes
Turn   | Place    | Note
-------+----------+-------------------------------------------
     0 | D:1      | kae the Draconian Transmuter began the quest for the Orb.
     0 | D:1      | Reached XP level 1. HP: 16/16 MP: 3/3
   460 | D:1      | Reached XP level 2. HP: 15/23 MP: 3/5
  1110 | D:1      | Found a faded altar of an unknown god.
  1193 | D:1      | Reached XP level 3. HP: 21/28 MP: 4/6
  2205 | D:2      | Noticed Robin
  2217 | D:2      | Killed Robin
  2240 | D:2      | Reached XP level 4. HP: 26/36 MP: 5/7
  2260 | D:2      | Learned a level 3 spell: Spider Form
  2976 | D:2      | Found Goqeq's Antique Armour Boutique.
  3317 | D:3      | Learned a level 4 spell: Ice Form
  3543 | D:3      | Reached skill level 1 in Poison Magic
  3543 | D:3      | Reached XP level 5. HP: 41/41 MP: 6/8
  3987 | D:3      | Reached skill level 4 in Unarmed Combat
  4379 | D:4      | Reached skill level 1 in Ice Magic
  4576 | D:4      | Reached XP level 6. HP: 21/48 MP: 5/10
  4579 | D:4      | Succumbed to a scorpion's poison

Illustrated notes

Levels and vault maps discovered:
D:1:      dpeg_arrival_rooms_a, layout_basic,
          hellmonk_ecumenical_altar_leap_of_faith
D:2:      layout_basic, serial_shops, nicolae_square_shop, uniq_robin
D:3:      layout_loops_ring, st_stairs_4
D:4:      layout_loops_ring, kennysheep_little_box,
          nicolae_overflow_crystal_walls, old_standard_altar,
          minmay_mini_ossuary

Skill      XL: |  1  2  3  4  5 |
---------------+----------------+-----
Dodging        | 2 |  2.6
Fighting       | 2 |  2.2
Transmutations | 3 |  3.4
Poison Magic   | 1 |  1.8
Unarmed Combat | 4 |  4.2
Ice Magic      | 1 |  1.1
Spellcasting   | |  2.7

Action                   |  1- 3 |  4- 6 || total
-------------------------+-------+-------++-------
Melee: Unarmed           |   104 |   158 ||   262
       Punch             |     5 |     3 ||     8
       Tailslap          |    12 |    10 ||    22
       Kick              |    15 |    25 ||    40
       Headbutt          |     4 |    19 ||    23
 Cast: Beastly Appendage |    22 |    23 ||    45
       Spider Form       |       |     4 ||     4
  Use: Scroll            |     1 |     7 ||     8
Armor: Skin              |    37 |    31 ||    68
Dodge: Dodged            |    85 |   117 ||   202

Table legend: (Time is in decaauts)
 A = Elapsed time spent in this place.
 B = Non-inter-level travel time spent in this place.
 C = Inter-level travel time spent in this place.
 D = Time resting spent in this place.
 E = Time spent auto-exploring this place.
 F = Levels seen in this place.
 G = Mean time per level.
                   A        B        C        D        E       F      G
               +--------+--------+--------+--------+--------+-----+--------+
         Total |   4566 |   4436 |    130 |    551 |   3264 |   4 | 1141.5 |
       Dungeon |   4566 |   4436 |    130 |    551 |   3264 |   4 | 1141.5 |
               +--------+--------+--------+--------+--------+-----+--------+

Top non-repeatable levels by time:
     D:1: 1612 daAuts
     D:2: 1436 daAuts
     D:3: 1290 daAuts
     D:4: 227 daAuts
